 Dungeon Crawl Stone Soup version 0.27-a0-1147-gb3d8e82157 (webtiles) character file.

Game seed: 18254663128000589829

112 leviel the Covered (level 4, 0/41 HPs)
             Began as a Minotaur Fighter on May 11, 2021.
             Slain by Sigmund
             ... wielding a +0 scythe
              (6 damage)
             ... on level 2 of the Dungeon.
             The game lasted 00:02:15 (2222 turns).

leviel the Covered (Minotaur Fighter)               Turns: 2222, Time: 00:02:16

Health: 0/41       AC:  7    Str: 21    XL:     4   Next: 63%
Magic:  3/3        EV:  7    Int:  5    God:
Gold:   66         SH:  9    Dex: 10    Spells: 3/3 levels left

rFire    . . .     SeeInvis .   a - +0 war axe
rCold    . . .     Faith    .   c - +0 kite shield
rNeg     . . .     Spirit   .   b - +0 scale mail
rPois    .         Reflect  .   (helmet restricted)
rElec    .         Harm     .   (no cloak)
rCorr    .         Rampage  .   (no gloves)
Will     .....                  (no boots)
Stlth    ..........             (no amulet)
HPRegen  0.13/turn              (no ring)
MPRegen  0.08/turn              (no ring)

@: mighty
A: horns 2, retaliatory headbutt
a: no special abilities


You were on level 2 of the Dungeon.
You visited 1 branch of the dungeon, and saw 2 of its levels.

You collected 66 gold pieces.

Inventory:

Hand Weapons
 a - a +0 war axe (weapon)
Armour
 b - a +0 scale mail (worn)
 c - a +0 kite shield (worn)
Scrolls
 f - 2 scrolls of immolation {unknown}
 h - a scroll of enchant weapon {unknown}
 i - a scroll of identify {unknown}
Potions
 e - 6 potions of brilliance {unknown}
 g - a potion of haste {unknown}


   Skills:
 + Level 4.3 Fighting
 * Level 4.1 Axes
 + Level 4.3 Armour
 + Level 4.3 Shields


You had 3 spell levels left.
You didn't know any spells.
Your spell library contained the following spells:

 Spells                   Type           Power      Damage    Failure   Level
 Magic Dart               Conj           0%         1d3       99%         1
 Searing Ray              Conj           0%         3d3       100%        2
 Dazzling Flash           Conj/Hex       0%         N/A       100%        3
 Fulminant Prism          Conj/Hex       0%         3d6       100%        4
 Iskenderun's Mystic Bla  Conj/Tloc      0%         2d3       100%        4


Dungeon Overview and Level Annotations

Branches:
Dungeon (2/15)

Altars:

Annotations:
D:2 Sigmund


Innate Abilities, Weirdness & Mutations

You have a pair of horns on your head.
You reflexively headbutt those who attack you in melee.


Message History

No target in view!
No target in view!
No target in view!
No target in view!
No target in view!
No target in view!
No target in view!
No target in view!
Sigmund the Dreaded comes into view.
He is wielding a +0 scythe and carrying a wand of digging (5).
Sigmund shouts!
Sigmund casts a spell at you. The puff of flame hits you.
Sigmund is nearby!
Sigmund barely misses you.
You feel very mighty all of a sudden. Sigmund hits you with a +0 scythe!
You closely miss Sigmund. Sigmund gestures at you while chanting.
The puff of flame hits you!
You closely miss Sigmund. Sigmund closely misses you.
Sigmund flickers, as though insubstantial.
Sigmund points at himself and mumbles some strange words.
Sigmund flickers and vanishes!
Deactivating autopickup; reactivate with Ctrl-A.
You miss something. You headbutt something! You block something's attack.
You barely miss something. Your headbutt misses something. Something hits you.
You block something's attack.
You miss something. You headbutt something!
You hear some strange, mumbled words.
A magic dart appears from out of thin air!
The magic dart hits you!
* * * LOW HITPOINT WARNING * * *
Your shield prevents you from hitting something.
You hear some strange, mumbled words.
A magic dart appears from out of thin air!
The magic dart hits you.
* * * LOW HITPOINT WARNING * * *
You block something's attack.
You barely miss something. Your headbutt misses something. Something hits you.
You die...

... #+# ......... .#{#
####.......###.#@############
...#.......#................#
...#............###########.#
.................# #.#
.................+ #.#
.................# #.#
...............# #.#
....#####..)...# #.#
#########......# #.#


There were no monsters in sight!

Vanquished Creatures
  A hound (D:2)
  2 adders (D:2)
  An ufetubus (D:2)
  A worm (D:2)
  A dart slug (D:1)
  9 ball pythons
  4 bats (D:1)
  7 endoplasms
  A giant cockroach (D:1)
  8 goblins
  3 hobgoblins (D:1)
  A jackal (D:1)
  2 kobolds
  2 quokkas (D:1)
  4 frilled lizards
  8 rats
55 creatures vanquished.

Notes
Turn   | Place    | Note
-------+----------+-------------------------------------------
     0 | D:1      | leviel the Minotaur Fighter began the quest for the Orb.
     0 | D:1      | Reached XP level 1. HP: 19/19 MP: 0/0
   257 | D:1      | Reached XP level 2. HP: 24/27 MP: 1/1
   497 | D:1      | Found a faded altar of an unknown god.
   669 | D:1      | Reached XP level 3. HP: 29/33 MP: 2/2
  1422 | D:2      | Reached XP level 4. HP: 29/40 MP: 3/3
  2213 | D:2      | Noticed Sigmund
  2222 | D:2      | Slain by Sigmund

Illustrated notes

Levels and vault maps discovered:
D:1:      saegor_arrival_simple_a, layout_loops_ring,
          shapermc_ecumenical_altar_venn, minmay_surrounded
D:2:      layout_basic, uniq_sigmund, uniq_jessica

Skill      XL: |  1  2  3  4 |
---------------+-------------+-----
Axes           | 3 4 |  4.1
Shields        | 4 |  4.3
Armour         | 4 |  4.3
Fighting       | 4 |  4.3

Action                   |  1- 3 |  4- 6 || total
-------------------------+-------+-------++-------
Melee: War axe           |    93 |    38 ||   131
       Headbutt          |    12 |     6 ||    18
Throw: Boomerang         |       |     2 ||     2
  Use: Potion            |       |     1 ||     1
Armor: Scale mail        |    36 |    14 ||    50
Dodge: Dodged            |    29 |    12 ||    41
Block: Kite shield       |    52 |    22 ||    74

Table legend: (Time is in decaauts)
 A = Elapsed time spent in this place.
 B = Non-inter-level travel time spent in this place.
 C = Inter-level travel time spent in this place.
 D = Time resting spent in this place.
 E = Time spent auto-exploring this place.
 F = Levels seen in this place.
 G = Mean time per level.
                   A        B        C        D        E       F      G
               +--------+--------+--------+--------+--------+-----+--------+
         Total |   2295 |   2275 |     20 |    283 |   1661 |   2 | 1147.5 |
       Dungeon |   2295 |   2275 |     20 |    283 |   1661 |   2 | 1147.5 |
               +--------+--------+--------+--------+--------+-----+--------+

Top non-repeatable levels by time:
     D:2: 1234 daAuts
     D:1: 1060 daAuts
